 Dungeon Crawl Stone Soup version 0.29.1 (webtiles) character file.

Game seed: 4641466448557775856

30 qw the Shield-Bearer (level 3, -2/23 HPs)
             Began as a Gargoyle Fighter on Sept 13, 2022.
             Slain by Sigmund
             ... wielding a +0 scythe
              (10 damage)
             ... on level 2 of the Dungeon.
             The game lasted 00:00:24 (1165 turns).

qw the Shield-Bearer (Gargoyle Fighter)             Turns: 1165, Time: 00:00:25

Health: -2/23      AC: 10    Str: 21    XL:     3   Next: 18%
Magic:  3/3        EV:  9    Int:  8    God:
Gold:   38         SH:  4    Dex:  9    Spells: 2/2 levels left

rFire   . . .      SeeInvis .   Y - +0 war axe
rCold   . . .      Faith    .   c - +0 buckler
rNeg    + . .      Spirit   .   b - +0 scale mail
rPois   inf        Reflect  .   (no helmet)
rElec   +          Harm     .   (no cloak)
rCorr   .          Rampage  .   (no gloves)
Will    .....                   (no boots)
Stlth   ..........              (no amulet)
HPRegen 0.07/turn               (no ring)
MPRegen 0.08/turn               (no ring)

@: no status effects
A: sickness immunity, AC +3, negative energy resistance 1, electricity
resistance, torment resistance 1, petrification resistance
a: no special abilities


You were on level 2 of the Dungeon.
You visited 1 branch of the dungeon, and saw 2 of its levels.

You collected 38 gold pieces.


Innate Abilities, Weirdness & Mutations

You are immune to sickness and miasma.
Your stone body is resilient. (AC +3)
You are immune to poison.
You resist negative energy. (rN+)
You are resistant to electric shocks. (rElec)
You are resistant to unholy torment.
You are immune to petrification.


   Skills:
 - Level 3.2 Fighting
 + Level 3.2 Axes
 - Level 3.2 Armour
 - Level 3.2 Shields


You had 2 spell levels left.
You didn't know any spells.
Your spell library was empty.

Inventory:

Hand Weapons
 i - a +0 whip
 Y - a +0 war axe (weapon)
Armour
 b - a +0 scale mail (worn)
 c - a +0 buckler (worn)
Scrolls
 g - a scroll of identify
Potions
 d - 2 potions of might
 e - a potion of heal wounds {unknown}
 h - a potion of berserk rage {unknown}
 j - a potion of curing {unknown}
 l - a potion of flight {unknown}

Dungeon Overview and Level Annotations

Branches:
Dungeon (2/15)

Altars:

Annotations:
D:2 Sigmund


Message History

You climb downwards.
Found a book of Flames.
There is a stone staircase leading up here.
A bat is nearby!
Existing waypoints: (2) D:1 Assign waypoint to what number? (0-9, D - delete waypoint) Waypoint 1 assigned to D:2.
You closely miss the bat. The bat closely misses you.
The bat closely misses you.
You barely miss the bat. The bat misses you.
You slash the bat!
You kill the bat!
You feel your willpower return.
Found a whip.
Sigmund the Dreaded comes into view.
He is wielding a +0 scythe.
Sigmund shouts!
Found a puce potion.
Sigmund hits you from afar with a +0 scythe.
Sigmund hits you with a +0 scythe.
You hit Sigmund but do no damage. Sigmund hits you with a +0 scythe.
You hit Sigmund.
Sigmund is lightly wounded.
Sigmund's eyes start glowing with a red light.
Sigmund closely misses you.
You closely miss Sigmund.
Sigmund is lightly wounded.
Sigmund barely misses you.
You slash Sigmund!
Sigmund is moderately wounded.
Sigmund hits you with a +0 scythe.
You hit Sigmund.
Sigmund is heavily wounded.
You closely miss Sigmund.
Sigmund is heavily wounded.
Sigmund hits you with a +0 scythe!
You die...

.# #.# #.## #
... . #. #.# ...
#.###.###.##....
#.....@..)...!..
#.....@..#
#.##.###.# ##.##
#.# #... #.#
#..######.#
#.........# #
#.##.######
....###.#...####
.......<...:...+


You could see Sigmund.

Vanquished Creatures
  A dart slug (D:1)
  5 ball pythons (D:1)
  3 endoplasms (D:1)
  4 giant cockroaches (D:1)
  3 jackals (D:1)
  A quokka (D:1)
  3 bats
  2 frilled lizards (D:1)
  A goblin (D:1)
  3 kobolds (D:1)
26 creatures vanquished.

Notes
Turn   | Place    | Note
-------+----------+-------------------------------------------
     0 | D:1      | qw the Gargoyle Fighter began the quest for the Orb.
     0 | D:1      | Reached XP level 1. HP: 14/14 MP: 1/1
     0 | D:1      | 0 ||| qw: Version: 0.1-a-119-g272c26d
     0 | D:1      | 0 ||| qw: Game counter: 11110
     0 | D:1      | 0 ||| qw: Always use a shield: true
     0 | D:1      | 0 ||| qw: God list: Okawaru
     0 | D:1      | 0 ||| qw: Allow faded altars: false
     0 | D:1      | 0 ||| qw: Do Orc after D:15 true
     0 | D:1      | 0 ||| qw: Do second Lair branch before Depths: true
     0 | D:1      | 0 ||| qw: Lair rune preference: random
     0 | D:1      | 0 ||| qw: Plans: Normal, Zot, God:TSO, Crypt, Tomb, Pan,
                  | Slime, Hells, Zig, Abyss, Orb
     0 | D:1      | 0 ||| PLANNING D:1-11
    22 | D:1      | Found a faded altar of an unknown god.
   179 | D:1      | Reached XP level 2. HP: 19/19 MP: 2/2
   507 | D:1      | Reached skill level 3 in Axes
   607 | D:1      | Reached XP level 3. HP: 12/23 MP: 3/3
   840 | D:1      | 840 ||| Stepping ~*~*~tactically~*~*~ (stealth).
   841 | D:1      | 841 ||| Stepping ~*~*~tactically~*~*~ (stealth).
  1104 | D:1      | 1104 ||| READING scroll labelled SUANEIGHAVEP.
  1105 | D:1      | 1105 ||| READING 2 scrolls labelled MUUKKYAQEV.
  1106 | D:1      | 1106 ||| READING scroll labelled JELOER TUAL.
  1157 | D:2      | Noticed Sigmund
  1165 | D:2      | Slain by Sigmund

Levels and vault maps discovered:
D:1:      minmay_arrival_stone_box, layout_loops_ring, basic_ecumenical_altar
D:2:      layout_loops_corners, grunt_ministairs_3, uniq_terence, uniq_sigmund

Skill      XL: |  1  2 |
---------------+-------+-----
Axes           | 2 3 |  3.2
Fighting       | |  3.2
Armour         | |  3.2
Shields        | |  3.2

Action                   || total
-------------------------++-------
Melee: War axe           ||    92
  Use: Scroll            ||     3
Armor: Scale mail        ||    41
Dodge: Dodged            ||    38
Block: Buckler           ||    24

Table legend:
 A = Non-vault XP
 B = Vault XP
 C = Vault XP percentage of total XP
 D = Non-vault monster count
 E = Vault monster count
 F = Vault count percentage of total count
                 A         B        C        D         E       F
            +---------+---------+-------+---------+---------+-------
      Total |      43 |       0 |   0.0 |      26 |       0 |   0.0
            +---------+---------+-------+---------+---------+-------
        D:1 |      41 |       0 |   0.0 |      25 |       0 |   0.0
        D:2 |       2 |       0 |   0.0 |       1 |       0 |   0.0
            +---------+---------+-------+---------+---------+-------
